 Dungeon Crawl Stone Soup version 0.28-a0-811-g00180f5fcc (webtiles) character file.

Game seed: 12583323420946433723

621 Decritt the Cudgeller (level 7, -7/44 HPs)
             Began as a Gargoyle Fighter on Nov 8, 2021.
             Mangled by an ogre (22 damage)
             ... on level 5 of the Dungeon.
             The game lasted 00:07:25 (5431 turns).

Decritt the Cudgeller (Gargoyle Fighter)            Turns: 5431, Time: 00:07:26

Health: -7/44      AC: 15    Str: 21    XL:     7   Next: 46%
Magic:  7/7        EV:  7    Int:  9    God:
Gold:   183        SH:  4    Dex:  9    Spells: 6/6 levels left

rFire   + . .      SeeInvis .   x - +7 captain's cutlass {speed, disarm}
rCold   . . .      Faith    .   c - +0 buckler
rNeg    + . .      Spirit   .   w - +0 chain mail
rPois   ∞          Reflect  .   (no helmet)
rElec   +          Harm     .   s - +0 cloak
rCorr   .          Rampage  .   (no gloves)
Will    .....                   (no boots)
Stlth   ..........              (no amulet)
HPRegen 0.14/turn               o - ring of protection from fire
MPRegen 0.10/turn               (no ring)

@: no status effects
A: sickness immunity, AC +4, negative energy resistance 1, electricity
resistance, torment resistance 1, petrification resistance
a: no special abilities


You were on level 5 of the Dungeon.
You visited 1 branch of the dungeon, and saw 5 of its levels.

You collected 183 gold pieces.

Inventory:

Hand Weapons
 a - a +0 flail
 v - a +1 hand axe of flaming
 x - the +7 captain's cutlass (weapon) {speed, disarm}
   (You found it on level 5 of the Dungeon)

   Attacks with this weapon are significantly faster.
   It may disarm weapon-wielding foes when striking them, dealing extra damage
   in the process.
Missiles
 y - 5 curare-tipped darts (quivered)
Armour
 b - a +0 scale mail
 c - a +0 buckler (worn)
 s - a +0 cloak (worn)
 w - a +0 chain mail (worn)
Jewellery
 o - a ring of protection from fire (left hand)
Wands
 l - a wand of iceblast (14)
Scrolls
 f - 6 scrolls of identify {unknown}
 g - 4 scrolls of fear {unknown}
 j - 3 scrolls of teleportation {unknown}
 m - a scroll of enchant weapon {unknown}
 p - a scroll of amnesia {unknown}
 q - a scroll of holy word {unknown}
 t - a scroll of fog {unknown}
 u - a scroll of magic mapping {unknown}
Potions
 d - 2 potions of might
 e - a potion of mutation {unknown}
 h - 2 potions of lignification {unknown}
 i - a potion of berserk rage {unknown}
 k - a potion of flight {unknown}
 n - 2 potions of invisibility {unknown}
 r - a potion of heal wounds {unknown}


   Skills:
 + Level 5.5 Fighting
 * Level 6.2 Maces & Flails
 + Level 4.7 Armour
 - Level 3.2 Shields


You had 6 spell levels left.
You didn't know any spells.
Your spell library contained the following spells:

 Spells                   Type           Power      Damage    Failure   Level
 Dazzling Flash           Conj/Hex       0%         N/A       100%        3
 Iskenderun's Mystic Bla  Conj/Tloc      0%         2d3       100%        4
 Starburst                Conj/Fire      0%         6d3       100%        6


Dungeon Overview and Level Annotations

Branches:
Dungeon (5/15)
 Temple: D:4-7

Altars:
Cheibriados
Dithmenos
Fedhas
Gozag
Sif Muna
Vehumet

Annotations:
D:5 1 runed translucent door


Innate Abilities, Weirdness & Mutations

You are immune to sickness and miasma.
Your stone body is resilient. (AC +4)
You are immune to poison.
You resist negative energy. (rN+)
You are resistant to electric shocks. (rElec)
You are resistant to unholy torment.
You are immune to petrification.


Message History

The phantom is almost destroyed.
The phantom closely misses you.
You puncture the phantom!
You destroy the phantom!
Your Maces & Flails skill increases to level 6!
Found a snail-covered altar of Cheibriados.
Found a runed translucent door.
Found 5 curare-tipped darts.
You see here 5 curare-tipped darts.
y - 5 curare-tipped darts You open the door.
An iguana comes into view.
The iguana hisses angrily.
Found a spear.
There is an open door here.
You hit the iguana.
The iguana is moderately wounded.
The iguana bites you but does no damage.
You puncture the iguana!
You kill the iguana!
No target in view!
No target in view!
You see here a +0 spear.
An ogre comes into view. It is wielding a +0 giant club.
The ogre shouts!
You closely miss the ogre. The ogre closely misses you.
You hit the ogre.
The ogre is lightly wounded.
The ogre hits you with a +0 giant club!
You barely miss the ogre.
The ogre is lightly wounded.
You closely miss the ogre.
The ogre is lightly wounded.
The ogre hits you with a +0 giant club!!
* * * LOW HITPOINT WARNING * * *
You puncture the ogre!
The ogre is heavily wounded.
The ogre hits you with a +0 giant club!!
Ouch! That really hurt!
You die...

## ### #. ..# #. #.#
###.#####.# #
........#.#
#.######.##.#.####
......#..........#
.........##.#.##@#
..#.#.#)###.#.##O#
............#......#
#####.#.############
...#.# #######.#
......#'######
.............#
.............#


You could see an ogre.

Vanquished Creatures
  An ogre (D:5)
  A phantom (D:5)
  A centaur (D:5)
  A hound (D:5)
  An orc priest (D:3)
  A centaur skeleton (D:5)
  A gnoll shaman (D:4)
  An iguana (D:5)
  2 orc wizards (D:4)
  2 hound skeletons (D:4)
  A howler monkey skeleton (D:5)
  3 gnolls (D:4)
  4 adders
  An ufetubus (D:4)
  2 adder skeletons (D:4)
  A worm (D:5)
  2 dart slugs
  7 orcs
  3 bats
  6 endoplasms
  2 giant cockroaches
  8 goblins
  5 hobgoblins
  3 jackals (D:5)
  A quokka (D:3)
  2 ball pythons
  2 frilled lizards (D:1)
  8 kobolds
  3 rats
76 creatures vanquished.

Notes
Turn   | Place    | Note
-------+----------+-------------------------------------------
     0 | D:1      | Decritt the Gargoyle Fighter began the quest for the Orb.
     0 | D:1      | Reached XP level 1. HP: 14/14 MP: 1/1
   216 | D:1      | Reached XP level 2. HP: 19/19 MP: 2/2
   480 | D:1      | Found a faded altar of an unknown god.
   587 | D:1      | You fall into a shaft and drop 1 floor!
   799 | D:2      | Reached skill level 3 in Maces & Flails
  1233 | D:2      | Reached XP level 3. HP: 23/24 MP: 3/3
  2081 | D:3      | Reached XP level 4. HP: 14/29 MP: 4/4
  2740 | D:3      | Reached skill level 4 in Maces & Flails
  2828 | D:3      | Found a radiant altar of Vehumet.
  2828 | D:3      | Found an opulent altar of Gozag.
  2917 | D:3      | Found a shadowy altar of Dithmenos.
  2919 | D:3      | Found a blossoming altar of Fedhas.
  3398 | D:4      | Reached XP level 5. HP: 31/34 MP: 5/5
  3619 | D:4      | Reached XP level 6. HP: 3/39 MP: 6/6
  3981 | D:4      | Reached skill level 5 in Maces & Flails
  4654 | D:5      | Entered Level 5 of the Dungeon
  5139 | D:5      | Reached skill level 5 in Fighting
  5279 | D:5      | Found the +7 captain's cutlass {speed, disarm}
  5283 | D:5      | Found a shimmering blue altar of Sif Muna.
  5308 | D:5      | Reached XP level 7. HP: 44/44 MP: 7/7
  5379 | D:5      | Reached skill level 6 in Maces & Flails
  5383 | D:5      | Found a snail-covered altar of Cheibriados.
  5384 | D:5      | Found a runed translucent door.
  5431 | D:5      | Mangled by an ogre

Illustrated notes

Levels and vault maps discovered:
D:1:      minmay_arrival_three_doors, layout_basic,
          hellmonk_ecumenical_altar_inner_sanctum
D:2:      layout_loops_ring, kennysheep_minor_cross, roderic_lattice_a
D:3:      layout_loops_ring, nicolae_overflow_hidden_temple
D:4:      layout_loops_ring, minmay_circle_x
D:5:      layout_basic, old_standard_altar, grunt_temple_overflow_open,
          serial_curves, eino_curves_03, eino_curves_01, gammafunk_ghost_grave,
          water_boxes_lemuel

Skill      XL: |  1  2  3  4  5  6  7 |
---------------+----------------------+-----
Maces & Flails | 3 4 5 6 |  6.2
Fighting       | 4 5 |  5.5
Armour         | 4 |  4.7
Shields        | |  3.2

Action                   |  1- 3 |  4- 6 |  7- 9 || total
-------------------------+-------+-------+-------++-------
Melee: Flail             |    98 |   144 |       ||   242
       Hand axe          |       |    44 |       ||    44
       Cutlass           |       |     5 |    21 ||    26
Armor: Scale mail        |    62 |    85 |       ||   147
       Chain mail        |       |    27 |     4 ||    31
Dodge: Dodged            |    47 |    89 |     8 ||   144
Block: Buckler           |    20 |    35 |     2 ||    57

Table legend: (Time is in decaauts)
 A = Elapsed time spent in this place.
 B = Non-inter-level travel time spent in this place.
 C = Inter-level travel time spent in this place.
 D = Time resting spent in this place.
 E = Time spent auto-exploring this place.
 F = Levels seen in this place.
 G = Mean time per level.
                   A        B        C        D        E       F      G
               +--------+--------+--------+--------+--------+-----+--------+
         Total |   5487 |   5386 |    101 |    381 |   4257 |   5 | 1097.4 |
       Dungeon |   5487 |   5386 |    101 |    381 |   4257 |   5 | 1097.4 |
               +--------+--------+--------+--------+--------+-----+--------+

Top non-repeatable levels by time:
     D:4: 1674 daAuts
     D:3: 1210 daAuts
     D:1: 1052 daAuts
     D:2: 921 daAuts
     D:5: 628 daAuts
